 Dungeon Crawl Stone Soup version 0.31.0-32-g396128a36d (webtiles) character file.

Game seed: 2291521263537502514

164 jinsong the Covered (level 5, -14/47 HPs)
             Began as a Minotaur Fighter on Apr 14, 2024.
             Was an Initiate of Yredelemnul.
             Demolished by a small abomination (17 damage)
             ... created by the touch of Lugonu
             ... on level 3 of the Dungeon.
             The game lasted 00:09:50 (2083 turns).

jinsong the Covered (Minotaur Fighter)              Turns: 2083, Time: 00:09:51

Health: -14/47     AC:  8    Str: 23    XL:     5   Next: 21%
Magic:  4/4        EV:  9    Int:  5    God:    Yredelemnul [......]
Gold:   105        SH:  4    Dex:  9    Spells: 4/4 levels left

rFire   . . .        a - +0 war axe
rCold   . . .        c - +0 buckler
rNeg    . . .        b - +0 scale mail
rPois   .            (helmet restricted)
rElec   .            (no cloak)
rCorr   .            (no gloves)
SInv    .            e - +0 pair of boots
Will    .....        m - amulet of the acrobat Stlth
                     (no ring)
HPRegen 0.27/turn    (no ring)
MPRegen 0.09/turn

%: acrobat
@: no status effects
A: horns 2, retaliatory headbutt
a: Renounce Religion, Recall Undead Harvest


You were on level 3 of the Dungeon.
You worshipped Yredelemnul.
Yredelemnul was noncommittal.
You visited 1 branch of the dungeon, and saw 3 of its levels.

You collected 105 gold pieces.

Inventory:

Hand Weapons
 a - a +0 war axe (weapon)
Missiles
 s - 2 javelins (quivered)
Armour
 b - a +0 scale mail (worn)
 c - a +0 buckler (worn)
 e - a +0 pair of boots (worn)
 g - an orb of wrath
 q - a +0 scale mail
Jewellery
 m - an amulet of the acrobat (around neck)
 r - an amulet of guardian spirit
 u - a ring of protection from fire
Scrolls
 f - 3 scrolls of enchant armour {unknown}
 i - a scroll of silence {unknown}
 l - a scroll of teleportation {unknown}
 n - a scroll of enchant weapon {unknown}
 o - 5 scrolls of identify {unknown}
 p - 3 scrolls of amnesia {unknown}
 t - a scroll of blinking {unknown}
Potions
 d - a potion of might
 h - a potion of enlightenment {unknown}
 j - a potion of attraction {unknown}
 k - a potion of curing {unknown}


   Skills:
 + Level 4.8 Fighting
 + Level 3.8 Axes
 + Level 4.8 Armour
 + Level 4.7 Shields


You had 4 spell levels left.
You didn't know any spells.
Your spell library contained the following spells:

 Spells                   Type           Power      Damage    Failure   Level
 Tukima's Dance           Hex            0%         N/A       99%         3
 Dimensional Bullseye     Hex/Tloc       0%         N/A       100%        4
 Iskenderun's Mystic Bla  Conj/Tloc      0%         2d3       100%        4


Dungeon Overview and Level Annotations

Branches:
Dungeon (3/15)

Altars:
Sif Muna
Yredelemnul
Lugonu


Innate Abilities, Weirdness & Mutations

You have a pair of horns on your head.
You reflexively headbutt those who attack you in melee.


Message History

a +0 short sword; 5 stones
Things that are here:
a +0 dagger; a goblin skeleton Lugonu's wrath scatters you!
Lugonu sends minions to punish you. 2 small abominations come into view.
The small abomination attacks as it pursues you!
The small abomination barely misses you.
You hit the small abomination.
The small abomination is moderately damaged.
The small abomination hits you!
The small abomination closely misses you.
You slash the small abomination! You headbutt the small abomination!
The small abomination is almost destroyed.
The small abomination hits you!
You hit the small abomination.
The small abomination is almost destroyed.
The small abomination hits you! The small abomination hits you.
You hit the small abomination.
You destroy the small abomination!
That felt strangely unrewarding.
The small abomination hits you.
* * * LOW HITPOINT WARNING * * *
The small abomination attacks as it pursues you!
The small abomination misses you.
The small abomination attacks as it pursues you!
The small abomination barely misses you.
You furiously retaliate!
You headbutt the small abomination!
The small abomination completely misses you.
The small abomination attacks as it pursues you!
The small abomination misses you.
The small abomination attacks as it pursues you!
The small abomination hits you!
* * * LOW HITPOINT WARNING * * *
A small abomination is nearby!
Okay, then.
You hit the small abomination.
You headbutt the small abomination, but do no damage.
The small abomination is moderately damaged.
The small abomination hits you!
You die...
Your body rises from the dead as a mindless zombie.

#............#..............##
#..........#.#.........###..#
####............#.####.#####..##
.....#####......#.####.###...##
..##.# #..##..#.##...##..###
#....# ##.##..#.#..##.).## ###..#
###.##....))....### ..##.#
#......#x...#####
P.##.###..#.#.#.@..##
..##..........#...###############
P................................
........#.............##........#
.........................######..
#####'''######.........### ##...
...'.....+ #.........######....
._.'.###.+ #.........#.........
...'.....+ #.......^...##......


You could see a small abomination.

Vanquished Creatures
  A small abomination (D:3)
  A black bear (D:3)
  An adder (D:2)
  3 ribbon worms (D:2)
  2 dart slugs
  5 endoplasms
  2 giant cockroaches
  6 goblins
  8 hobgoblins
  5 jackals
  2 quokkas (D:1)
  3 ball pythons
  A bat (D:1)
  4 frilled lizards
  4 kobolds
  6 rats
54 creatures vanquished.

Notes
Turn   | Place    | Note
-------+----------+-------------------------------------------
     0 | D:1      | jinsong the Minotaur Fighter began the quest for the Orb.
     0 | D:1      | Reached XP level 1. HP: 19/19 MP: 0/0
   157 | D:1      | Reached XP level 2. HP: 27/27 MP: 1/1
   787 | D:1      | Reached XP level 3. HP: 33/33 MP: 2/2
  1303 | D:2      | Noticed a golden eye
  1304 | D:2      | Found a faded altar of an unknown god.
  1309 | D:2      | Noticed a golden eye
  1336 | D:2      | Noticed a glass eye
  1343 | D:2      | Noticed a golden eye
  1349 | D:2      | Prayed at the altar of an unknown god.
  1349 | D:2      | Became a worshipper of Lugonu the Unformed
  1349 | D:2      | Reached * piety under Lugonu
  1752 | D:3      | Reached XP level 4. HP: 41/41 MP: 3/3
  1845 | D:3      | Noticed a black bear
  1846 | D:3      | Found a basalt altar of Yredelemnul.
  1852 | D:3      | Killed a black bear
  1853 | D:3      | Reached XP level 5. HP: 45/47 MP: 4/4
  1859 | D:3      | Fell from the grace of Lugonu
  1859 | D:3      | Became a worshipper of Yredelemnul the Dark
  1910 | D:3      | Found a shimmering blue altar of Sif Muna.
  2068 | D:3      | Noticed a small abomination
  2068 | D:3      | Noticed a small abomination
  2074 | D:3      | Killed a small abomination
  2083 | D:3      | Demolished by a small abomination

Illustrated notes

Levels and vault maps discovered:
D:1:      enne_arrival_octagon_isle, layout_basic, minmay_splitting_lines
D:2:      layout_basic, hellmonk_ecumenical_altar_watching_god, serial_bayou,
          serial_bayou_pond_a, serial_bayou_crossing, serial_bayou_pond_c,
          serial_bayou_shore_b, serial_bayou_pond_d, kennysheep_generic_room_5
D:3:      layout_rooms, mainiacjoe_overflow_big_doors, yredelemnul_altar_generic

Skill      XL: |  1  2  3 |
---------------+----------+-----
Armour         | 4 |  4.8
Fighting       | 4 |  4.8
Shields        | 4 |  4.7
Axes           | 3 |  3.8

Action                     |  1- 3 |  4- 6 || total
---------------------------+-------+-------++-------
  Melee: War axe           |    94 |    25 ||   119
         Headbutt          |    16 |     4 ||    20
  Throw: Javelin           |     2 |     2 ||     4
    Use: Scroll            |     1 |       ||     1
 Armour: Scale mail        |    56 |    21 ||    77
  Dodge: Dodged            |    56 |    15 ||    71
  Block: Buckler           |    20 |     7 ||    27
